 Dungeon Crawl Stone Soup version 0.28-a0-429-g1448048969 (webtiles) character file.

Game seed: 16457947021662424371

1781 siradein the Zephyrmancer (level 9, -2/45 HPs)
             Began as a Tengu Air Elementalist on Sept 10, 2021.
             Was an Initiate of Vehumet.
             Slain by a phantasmal warrior (33 damage)
             ... led by a death knight
             ... on level 6 of the Dungeon on Sept 11, 2021.
             The game lasted 00:14:36 (7391 turns).

siradein the Zephyrmancer (Tengu Air Elementalist)  Turns: 7391, Time: 00:14:38

Health: -2/45      AC:  2    Str:  9    XL:     9   Next: 8%
Magic:  7/19       EV: 14    Int: 23    God:    Vehumet [......]
Gold:   381        SH:  0    Dex: 15    Spells: 7/20 levels left

rFire   x . .      SeeInvis .   b - +0 spear
rCold   + . .      Faith    +   (no shield)
rNeg    . . .      Spirit   .   a - +0 robe
rPois   .          Reflect  .   (helmet restricted)
rElec   .          Harm     .   (no cloak)
rCorr   .          Rampage  .   (no gloves)
Will    .....                   (boots unavailable)
Stlth   +.........              i - amulet of faith
HPRegen 0.15/turn               x - ring of Pahis {Ice Int+5 Stlth-}
MPRegen 0.16/turn               (no ring)

@: flying quickly and evasively, quick
A: beak, talons 3, nimble flight
a: Renounce Religion


You were on level 6 of the Dungeon.
You worshipped Vehumet.
Vehumet was noncommittal.
You visited 2 branches of the dungeon, and saw 7 of its levels.
You also visited: Sewer.

You collected 381 gold pieces.

Inventory:

Hand Weapons
 b - a +0 spear (weapon)
Missiles
 l - a throwing net
Armour
 a - a +0 robe (worn)
Jewellery
 i - an amulet of faith (around neck)
 x - the ring of Pahis (left hand) {Ice Int+5 Stlth-}
   (You found it on level 6 of the Dungeon)

   [ring of ice]

   It enhances your ice magic.
   Int:       It affects your intelligence (+5).
   rF:        It makes you vulnerable to fire.
   rC:        It protects you from cold.
   Stlth:     It makes you less stealthy.
Wands
 r - a wand of flame (17)
 s - a wand of mindburst (15)
 v - a wand of iceblast (7)
Scrolls
 c - 3 scrolls of noise {unknown}
 g - 3 scrolls of identify {unknown}
 h - 2 scrolls of teleportation {unknown}
 j - a scroll of torment {unknown}
 q - 3 scrolls of enchant armour {unknown}
 u - a scroll of amnesia {unknown}
 w - 2 scrolls of fog {unknown}
Potions
 d - a potion of ambrosia {unknown}
 e - a potion of curing {unknown}
 f - 2 potions of berserk rage
 k - a potion of brilliance {unknown}
 m - a potion of lignification {unknown}
 n - a potion of attraction {unknown}
 o - a potion of invisibility {unknown}
 p - a potion of heal wounds {unknown}
 t - a potion of haste {unknown}


   Skills:
 - Level 2.1 Dodging
 - Level 2.0 Stealth
 + Level 6.1 Spellcasting
 + Level 8.4 Conjurations
 + Level 2.7 Necromancy
 + Level 9.2 Air Magic


You had 7 spell levels left.
You knew the following spells:

 Your Spells              Type           Power      Damage    Failure   Level
a - Shock                 Conj/Air       100%       1d9       1%          1
b - Static Discharge      Conj/Air       47%        N/A       1%          2
c - Swiftness             Air            49%        N/A       1%          3
d - Airstrike             Air            24%        N/A       1%          4
e - Vampiric Draining     Necr           9%         2d7       9%          3

Your spell library contained the following spells:

 Spells                   Type           Power      Damage    Failure   Level
 Animate Skeleton         Necr           38%        N/A       2%          1
 Pain                     Necr           76%        1d7       2%          1


Dungeon Overview and Level Annotations

Branches:
Dungeon (6/15)             Temple (1/1) D:6           Sewer (visited)

Altars:
Ashenzari
Cheibriados
Elyvilon
Fedhas
Gozag
Hepliaklqana
Makhleb
Nemelex Xobeh
Okawaru
Qazlal
Ru
Sif Muna
Trog
Uskayaw
Vehumet
Yredelemnul
Zin
The Shining One

Shops:
D:2 (


Innate Abilities, Weirdness & Mutations

You have a beak for a mouth.
You have claws for feet.
Your magical nature lets you fly swiftly and evasively.


Message History

Aim: a phantasmal warrior (empty space bonus: 8/8)
The air twists around and strikes the phantasmal warrior!
The phantasmal warrior is moderately damaged.
The phantasmal warrior gestures at you.
The phantasmal warrior blinks!
The phantasmal warrior gestures at you.
The phantasmal warrior blinks!
You fly upwards.
There is a stone staircase leading down here.
You start resting.
Magic restored.
You fly downwards.
The phantasmal warrior hits you!
The phantasmal warrior closely misses you.
There is a stone staircase leading up here.
Casting: Airstrike (dangerous; 1% risk of failure)
Confirm with . or Enter, or press ? or * to list all spells.
Aiming: Airstrike (dangerous; 1% risk of failure)
Press: ? - help, Dir - move target, f - phantasmal warrior
Aim: a phantasmal warrior (empty space bonus: 7/8)
The air twists around and strikes the phantasmal warrior!
The phantasmal warrior is lightly damaged.
The phantasmal warrior hits you.
Casting: Airstrike (dangerous; 1% risk of failure)
Confirm with . or Enter, or press ? or * to list all spells.
Aiming: Airstrike (dangerous; 1% risk of failure)
Press: ? - help, Dir - move target, f/p - phantasmal warrior
Aim: a phantasmal warrior (lightly damaged, empty space bonus: 7/8)
The air twists around and strikes the phantasmal warrior!
The phantasmal warrior is moderately damaged.
The phantasmal warrior misses you.
Casting: Airstrike (dangerous; 1% risk of failure)
Confirm with . or Enter, or press ? or * to list all spells.
Aiming: Airstrike (dangerous; 1% risk of failure)
Press: ? - help, Dir - move target, f/p - phantasmal warrior
Aim: a phantasmal warrior (moderately damaged, empty space bonus: 7/8)
The air twists around and strikes the phantasmal warrior!
The phantasmal warrior is heavily damaged.
The phantasmal warrior hits you!!
Ouch! That really hurt!
You die...

########### #.........#
#......@W.# ....[. #.........#
(.... #.........# >....
#.........# .... #.........# ....
#..#####################
...#######..#....................
...#...#....'....................
...#...#....#....................


You could see a phantasmal warrior.

Vanquished Creatures
  Grinder (D:5)
  Sigmund (D:4)
  A wraith (D:6)
  Menkaure (D:5)
  A water moccasin (Sewer)
  A black bear (D:6)
  A sky beast (D:6)
  An ogre (D:5)
  A phantom (D:6)
  A scorpion (D:6)
  A water moccasin zombie (D:6)
  A wyvern skeleton (D:5)
  A jelly (D:4)
  3 hounds
  A centaur skeleton (D:6)
  A bullfrog skeleton (D:4)
  4 iguanas
  An orc wizard (D:4)
  A hound skeleton (D:4)
  A howler monkey zombie (D:4)
  4 gnolls (D:6)
  6 adders
  A howler monkey skeleton (D:6)
  A shadow imp (D:5)
  An ufetubus (D:6)
  An adder skeleton (D:4)
  A worm (D:5)
  A dart slug (D:4)
  13 orcs
  14 bats
  12 endoplasms
  A giant cockroach (D:6)
  10 goblins
  5 hobgoblins
  4 jackals (D:1)
  6 kobolds
  3 quokkas
  7 ball pythons
  A frilled lizard (D:1)
  8 rats
125 creatures vanquished.

Notes
Turn   | Place    | Note
-------+----------+-------------------------------------------
     0 | D:1      | siradein the Tengu Air Elementalist began the quest for the
                  | Orb.
     0 | D:1      | Reached XP level 1. HP: 10/10 MP: 4/4
   286 | D:1      | Reached XP level 2. HP: 12/15 MP: 0/6
   657 | D:1      | Reached XP level 3. HP: 19/19 MP: 1/7
   987 | D:1      | Found a faded altar of an unknown god.
  1237 | D:2      | Found Jayxipne's Antique Weapon Shop.
  1502 | D:2      | Learned a level 2 spell: Static Discharge
  1744 | D:2      | Reached XP level 4. HP: 24/24 MP: 5/9
  2049 | D:3      | Reached skill level 5 in Air Magic
  2445 | D:4      | Gained mutation: Your magical nature lets you fly swiftly
                  | and evasively. [Tengu growth]
  2445 | D:4      | Reached XP level 5. HP: 12/28 MP: 0/10
  2482 | D:4      | Learned a level 3 spell: Swiftness
  2487 | D:4      | Learned a level 4 spell: Airstrike
  2919 | D:4      | Found a sacrificial altar of Ru.
  2929 | D:4      | HP: 1/28 [iguana (14)]
  3062 | D:4      | Reached XP level 6. HP: 14/32 MP: 5/12
  3416 | D:4      | Found a snail-covered altar of Cheibriados.
  3427 | D:4      | Reached skill level 6 in Air Magic
  3689 | D:4      | Noticed Sigmund
  3693 | D:4      | Killed Sigmund
  3694 | D:4      | Reached skill level 5 in Conjurations
  3694 | D:4      | Reached XP level 7. HP: 36/36 MP: 2/14
  4028 | D:5      | Entered Level 5 of the Dungeon
  4846 | D:5      | Found a hazy altar of Hepliaklqana.
  4867 | D:5      | Reached skill level 7 in Air Magic
  5170 | D:5      | Noticed Grinder
  5173 | D:5      | Paralysed by Grinder for 2 turns
  5190 | D:5      | Paralysed by Grinder for 5 turns
  5355 | D:5      | Killed Grinder
  5533 | D:5      | Reached XP level 8. HP: 41/41 MP: 12/16
  5540 | D:5      | Reached skill level 5 in Spellcasting
  5607 | D:5      | Noticed Menkaure
  5609 | D:5      | Killed Menkaure
  5794 | D:5      | Reached skill level 8 in Air Magic
  5962 | D:6      | Found a glowing drain.
  5977 | Sewer    | Entered a sewer
  6373 | D:6      | Learned a level 3 spell: Vampiric Draining
  6500 | D:6      | Found a staircase to the Ecumenical Temple.
  6509 | D:6      | Reached skill level 1 in Necromancy
  6522 | Temple   | Entered the Ecumenical Temple
  6683 | Temple   | Became a worshipper of Vehumet
  6818 | D:6      | Found a shimmering blue altar of Sif Muna.
  6864 | D:6      | Identified the ring of Pahis {Ice Int+5 Stlth-}
  6938 | D:6      | Reached skill level 9 in Air Magic
  7036 | D:6      | Found a stormy altar of Qazlal.
  7278 | D:6      | Noticed a wraith
  7279 | D:6      | Noticed a phantasmal warrior
  7281 | D:6      | Killed a wraith
  7282 | D:6      | Reached XP level 9. HP: 45/45 MP: 6/19
  7391 | D:6      | Slain by a phantasmal warrior

Illustrated notes

Levels and vault maps discovered:
D:1:      doesnt_arrival_eight_statues, layout_loops_ring,
          dreamdust_ecumenical_altar_angels_and_demons
D:2:      layout_rooms, serial_shops, shop
D:3:      layout_rooms
D:4:      layout_gridville, amcnicky_altar_gilded,
          mainiacjoe_overflow_cross_hatched, kennysheep_opposing_triangles,
          uniq_sigmund
D:5:      layout_basic, mainiacjoe_overflow_tiny_flanked, grunt_ministairs_8,
          uniq_grinder, uniq_menkaure
D:6:      layout_gridville, grunt_qazlal_clouds, doesnt_xom_only_xom,
          minmay_temple_entry_statues_fountains, cheibrodos_sewer_entry_drain
Temple:   nicolae_temple_great_sept

Skill      XL: |  1  2  3  4  5  6  7  8 |
---------------+-------------------------+-----
Conjurations   | 2 3 4 5 6 8 |  8.4
Air Magic      | 5 6 7 9 |  9.2
Spellcasting   | 3 4 6 |  6.1
Necromancy     | 2 |  2.7
Dodging        | |  2.1
Stealth        | |  2.0

Action                   |  1- 3 |  4- 6 |  7- 9 || total
-------------------------+-------+-------+-------++-------
Melee: Unarmed           |     4 |       |       ||     4
       Peck              |     2 |       |       ||     2
       Kick              |     1 |       |       ||     1
 Cast: Shock             |    79 |    87 |   100 ||   266
       Static Discharge  |       |     4 |       ||     4
       Airstrike         |       |     2 |    34 ||    36
Armor: Robe              |     9 |     1 |     3 ||    13
Dodge: Dodged            |    32 |    13 |    16 ||    61

Table legend: (Time is in decaauts)
 A = Elapsed time spent in this place.
 B = Non-inter-level travel time spent in this place.
 C = Inter-level travel time spent in this place.
 D = Time resting spent in this place.
 E = Time spent auto-exploring this place.
 F = Levels seen in this place.
 G = Mean time per level.
                   A        B        C        D        E       F      G
               +--------+--------+--------+--------+--------+-----+--------+
         Total |   7194 |   7145 |     49 |    740 |   5393 |   8 |  899.2 |
       Dungeon |   6753 |   6704 |     49 |    740 |   5040 |   6 | 1125.5 |
        Temple |    162 |    162 |      0 |      0 |    125 |   1 |  162.0 |
         Sewer |    278 |    278 |      0 |      0 |    227 |   1 |  278.0 |
               +--------+--------+--------+--------+--------+-----+--------+

Top non-repeatable levels by time:
     D:4: 2362 daAuts
     D:5: 1235 daAuts
     D:1: 1162 daAuts
     D:6: 848 daAuts
     D:2: 732 daAuts
     D:3: 412 daAuts
   Sewer: 278 daAuts
  Temple: 162 daAuts
